 Dungeon Crawl Stone Soup version 0.29-a0-323-g050149af67 (webtiles) character file.

Game seed: 10118568867140491137

16 Jortsu the Vandal (level 2, 27/27 HPs)
             Began as a Troll Hunter on Apr 11, 2022.
             Was a Follower of Uskayaw.
             Quit the game on level 1 of the Dungeon.
             The game lasted 00:01:01 (242 turns).

Jortsu the Vandal (Troll Hunter)                     Turns: 242, Time: 00:01:02

Health: 27/27      AC:  4    Str: 18    XL:     2   Next: 37%
Magic:  1/1        EV: 10    Int:  5    God:    Uskayaw [*.....]
Gold:   32         SH:  0    Dex: 13    Spells: 1/1 levels left

rFire   . . .      SeeInvis .   (no weapon)
rCold   . . .      Faith    .   (no shield)
rNeg    . . .      Spirit   .   b - +0 robe
rPois   .          Reflect  .   (helmet restricted)
rElec   .          Harm     .   (no cloak)
rCorr   .          Rampage  .   (gloves unavailable)
Will    .....                   (boots unavailable)
Stlth   +.........              (no amulet)
HPRegen 0.89/turn               (no ring)
MPRegen 0.07/turn               (no ring)

@: no status effects
A: large, unfitting armour, claws 3, regeneration 1, shaggy fur 1, tough skin 1
a: Renounce Religion, Stomp


You were on level 1 of the Dungeon.
You worshipped Uskayaw.
Uskayaw was noncommittal.
You visited 1 branch of the dungeon, and saw 1 of its levels.

You collected 32 gold pieces.

Inventory:

Hand Weapons
 a - a +1 hunting sling
Armour
 b - a +0 robe (worn)
Scrolls
 c - a scroll of immolation
 f - a scroll of identify {unknown}
 h - a scroll of summoning {unknown}
Potions
 d - a potion of mutation {unknown}
 e - a potion of ambrosia {unknown}
 g - a potion of curing {unknown}


   Skills:
 + Level 1.5 Fighting
 + Level 3.0 Slings
 + Level 1.7 Dodging
 + Level 0.3 Stealth
 + Level 0.6 Unarmed Combat


You had one spell level left.
You didn't know any spells.
Your spell library was empty.

Dungeon Overview and Level Annotations

Branches:
Dungeon (1/15)

Altars:
Uskayaw


Innate Abilities, Weirdness & Mutations

You are too large for most types of armour.
You have claws for hands.
Your natural rate of healing is unusually fast.
You are covered in fur. (AC +1)
You have tough skin. (AC +1)


Message History

You open the door.
There is an open door here.
You now have 32 gold pieces (gained 10).
You open the door.
A kobold comes into view. It is wielding a +0 short sword.
A ball python comes into view.
The ball python hisses angrily.
There is an open door here.
A ball python comes into view.
The ball python hisses angrily.
The kobold shouts!
You scratch the kobold.
You kill the kobold!
The ball python barely misses you.
The ball python bites you but does no damage.
Things that are here:
a +0 short sword; a kobold corpse You scratch the ball python.
The ball python is moderately wounded.
The ball python bites you but does no damage. x2
The ball python closely misses you.
You scratch the ball python.
You kill the ball python!
The ball python closely misses you.
You completely miss the ball python. The ball python bites you.
You claw the ball python!
You kill the ball python!
You see here a ball python corpse.
Found a faded altar of an unknown god.
A ball python comes into view.
The ball python hisses angrily.
You barely miss the ball python.
The ball python bites you but does no damage.
You scratch the ball python.
You kill the ball python!
There is a faded altar of an unknown god here.
You cannot tell which god this altar belongs to.
Convert to them anyway?
Uskayaw accepts your prayer! Uskayaw welcomes you!
You can now stomp with the beat.
Are you sure you want to abandon this character and quit the game? (Confirm with "yes".)

###############..††..#
#......# # #....#.#
##. ##..#### ##..#
##..## #....###....#
#...#...#.# #.....####
##.@.## #.....#
#...#...# ....###....
..#..# #..## # ##. .##
# ##


There were no monsters in sight!

Vanquished Creatures
  An endoplasm (D:1)
  A giant cockroach (D:1)
  A goblin (D:1)
  A hobgoblin (D:1)
  2 quokkas (D:1)
  3 ball pythons (D:1)
  4 kobolds (D:1)
  A rat (D:1)
14 creatures vanquished.

Notes
Turn   | Place    | Note
-------+----------+-------------------------------------------
     0 | D:1      | Jortsu the Troll Hunter began the quest for the Orb.
     0 | D:1      | Reached XP level 1. HP: 19/19 MP: 0/0
   179 | D:1      | Reached XP level 2. HP: 26/27 MP: 1/1
   193 | D:1      | Reached skill level 3 in Slings
   231 | D:1      | Found a faded altar of an unknown god.
   241 | D:1      | Prayed at the altar of an unknown god.
   241 | D:1      | Became a worshipper of Uskayaw the Reveller
   241 | D:1      | Reached * piety under Uskayaw
   242 | D:1      | Quit the game

Illustrated notes

Levels and vault maps discovered:
D:1:      dpeg_arrival_tiny_k, layout_basic, nicolae_ecumenical_snake_handling

Skill      XL: |  1  2 |
---------------+-------+-----
Slings         | 3 |  3.0
Fighting       | |  1.5
Dodging        | |  1.7
Stealth        | |  0.3
Unarmed Combat | |  0.6

Action                   || total
-------------------------++-------
Melee: Unarmed           ||    44
 Stab: Sleeping          ||     1
Armor: Robe              ||    10
Dodge: Dodged            ||    25

Table legend: (Time is in decaauts)
 A = Elapsed time spent in this place.
 B = Non-inter-level travel time spent in this place.
 C = Inter-level travel time spent in this place.
 D = Time resting spent in this place.
 E = Time spent auto-exploring this place.
 F = Levels seen in this place.
 G = Mean time per level.
                   A        B        C        D        E       F      G
               +--------+--------+--------+--------+--------+-----+--------+
         Total |    241 |    241 |      0 |      0 |    121 |   1 |  241.0 |
       Dungeon |    241 |    241 |      0 |      0 |    121 |   1 |  241.0 |
               +--------+--------+--------+--------+--------+-----+--------+

Top non-repeatable levels by time:
     D:1: 241 daAuts
